 Dungeon Crawl Stone Soup version 0.27-a0-1090-gb115f176c6 (webtiles) character file.

Game seed: 14593600920448682842

7 littlecub the Shield-Bearer (level 1, -4/22 HPs)
             Began as a Troll Fighter on Apr 27, 2021.
             Slain by a goblin
             ... wielding a +0 dagger of electrocution
              (19 damage)
             ... on level 2 of the Dungeon.
             The game lasted 00:00:45 (171 turns).

littlecub the Shield-Bearer (Troll Fighter)          Turns: 171, Time: 00:00:46

Health: -4/22      AC:  4    Str: 23    XL:     1   Next: 91%
Magic:  0/0        EV:  7    Int:  4    God:
Gold:   8          SH:  8    Dex:  9    Spells: 0/0 levels left

rFire    . . .     SeeInvis .   (no weapon)
rCold    . . .     Faith    .   c - +0 kite shield
rNeg     . . .     Spirit   .   b - +0 robe
rPois    .         Reflect  .   (helmet restricted)
rElec    .         Harm     .   (no cloak)
rCorr    .         Rampage  .   (gloves unavailable)
Will     .....                  (boots unavailable)
Stlth    +.........             (no amulet)
HPRegen  1.07/turn              (no ring)
MPRegen  0.07/turn              (no ring)

@: no status effects
A: large, unfitting armour, claws 3, regeneration 1, shaggy fur 1, tough skin 1
a: no special abilities


You were on level 2 of the Dungeon.
You visited 1 branch of the dungeon, and saw 2 of its levels.

You collected 8 gold pieces.

Inventory:

Hand Weapons
 a - a +0 war axe
Armour
 b - a +0 robe (worn)
 c - a +0 kite shield (worn)
Potions
 d - a potion of might
 e - a potion of curing {unknown}


   Skills:
 + Level 2.5 Fighting
 - Level 1.5 Axes
 + Level 2.4 Dodging
 * Level 2.5 Shields
 * Level 0.8 Unarmed Combat


You couldn't memorise any spells.
You didn't know any spells.
Your spell library was empty.

Dungeon Overview and Level Annotations

Branches:
Dungeon (1/15)

Altars:


Innate Abilities, Weirdness & Mutations

You are too large for most types of armour.
You have claws for hands.
Your natural rate of healing is unusually fast.
You are covered in fur. (AC +1)
You have tough skin. (AC +1)


Message History

The hobgoblin closely misses you.
You scratch the hobgoblin but do no damage.
You block the hobgoblin's attack. You block the bat's attack.
The goblin unwields a +0 dagger of electrocution.
It stops crackling.
The goblin wields a +0 hunting sling.
The goblin shoots a stone.
The stone hits you.
You claw the rat!
You kill the rat!
The bat hits you but does no damage.
An endoplasm comes into view.
The hobgoblin barely misses you.
The goblin shoots a stone.
The stone barely misses you. The bat hits you but does no damage.
You scratch the hobgoblin but do no damage.
You block the bat's attack. The bat barely misses you. The hobgoblin hits you.
You claw the rat!
You kill the rat!
You block the bat's attack.
The hobgoblin hits you but does no damage.
You block the rat's attack. The bat hits you but does no damage.
You barely miss the rat. You block the bat's attack.
You block the rat's attack.
The hobgoblin hits you but does no damage.
The goblin shoots a stone.
The stone barely misses you. The rat bites you. The hobgoblin hits you.
The endoplasm jiggles.
You barely miss the rat. The bat hits you but does no damage.
The goblin shoots a stone.
You block the stone. The rat bites you. The hobgoblin hits you.
The goblin shoots a stone.
The stone barely misses you.
You claw the rat!
You kill the rat!
You block the bat's attack. x2; The hobgoblin hits you.
You barely miss the goblin. The bat hits you but does no damage.
You block the endoplasm's attack. You block the hobgoblin's attack.
The goblin unwields a +0 hunting sling.
The goblin wields a +0 dagger of electrocution.
You hear the crackle of electricity.
The goblin hits you with a +0 dagger of electrocution.
You are electrocuted!!
Ouch! That really hurt!
You die...

#.............
#.............
#.............
#.............
#.............
#.............
#....†gg......
#.....@J#
#.....b.#
#..........
######.......
#..##### #..#
#..# #...


You could see an endoplasm, a hobgoblin, a goblin and a bat.

Vanquished Creatures
  3 hobgoblins (D:1)
  A bat (D:1)
  4 rats
8 creatures vanquished.

Notes
Turn   | Place    | Note
-------+----------+-------------------------------------------
     0 | D:1      | littlecub the Troll Fighter began the quest for the Orb.
     0 | D:1      | Reached XP level 1. HP: 22/22 MP: 0/0
   162 | D:1      | You fall into a shaft and drop 1 floor!
   171 | D:2      | Slain by a goblin

Illustrated notes

Levels and vault maps discovered:
D:1:      dpeg_arrival_stonehenge_8_columns, layout_loops_corners
D:2:      layout_basic, basic_altar, uniq_robin

Action                   || total
-------------------------++-------
Melee: Unarmed           ||    26
Armor: Robe              ||    19
Dodge: Dodged            ||    11
Block: Kite shield       ||    21

Table legend: (Time is in decaauts)
 A = Elapsed time spent in this place.
 B = Non-inter-level travel time spent in this place.
 C = Inter-level travel time spent in this place.
 D = Time resting spent in this place.
 E = Time spent auto-exploring this place.
 F = Levels seen in this place.
 G = Mean time per level.
                   A        B        C        D        E       F      G
               +--------+--------+--------+--------+--------+-----+--------+
         Total |    175 |    175 |      0 |      0 |    130 |   2 |   87.5 |
       Dungeon |    175 |    175 |      0 |      0 |    130 |   2 |   87.5 |
               +--------+--------+--------+--------+--------+-----+--------+

Top non-repeatable levels by time:
     D:1: 165 daAuts
     D:2: 10 daAuts
